 Dungeon Crawl Stone Soup version 0.32-a0-540-g866d13106e (webtiles) character file.

Game seed: 15499413820585241209

4507 HC7 the Grappler (level 10, -2/87 HPs)
             Began as a Troll Shapeshifter on Feb 27, 2024.
             Was a Believer of Sif Muna.
             Killed from afar by a wight (15 damage)
             ... with a bolt of light
             ... on level 8 of the Dungeon on Feb 28, 2024.
             The game lasted 00:29:55 (6470 turns).

HC7 the Grappler (Troll Shapeshifter)               Turns: 6470, Time: 00:29:56

Health: -2/87      AC:  5    Str: 24    XL:     10   Next: 16%
Magic:  14/14      EV: 10    Int:  8    God:    Sif Muna [**....]
Gold:   335        SH:  0    Dex: 11    Spells: 12/15 levels left

rFire   x .          .
                       - Unarmed
rCold   + . .        (no shield)
rNeg    . . .        a - +1 animal skin
rPois   .            (helmet currently unavailable)
rElec   .            (cloak currently unavailable)
rCorr   .            (gloves unavailable)
SInv    .            (boots unavailable)
Will    .....        f - amulet of faith
Stlth   ++           r - +4 ring of slaying
HPRegen 1.14/turn    m - ring of ice
MPRegen 0.14/turn

%: faith
@: lethally poisoned (-2 -> -2), beast-form
A: beast (slay +3), large, unfitting armour, claws 3, regeneration 1, shaggy fur
1, tough skin 1
a: Begin Untransformation, Renounce Religion, Channel Magic


You were on level 8 of the Dungeon.
You worshipped Sif Muna.
Sif Muna was pleased with you.
You were a hulking beast.
You visited 2 branches of the dungeon, and saw 9 of its levels.

You collected 480 gold pieces.
You spent 145 gold pieces at shops.

Inventory:

Hand Weapons
 n - a +0 spectral quarterstaff
 p - a +3 flail of draining
 q - a +1 vampiric whip
 s - a +0 flail of protection
 t - a +0 halberd of draining
 w - a +2 quarterstaff of chaos
 A - a +0 halberd of freezing
 N - a +2 spear
Missiles
 e - 6 datura-tipped darts (quivered)
 F - 6 atropa-tipped darts
Armour
 a - a +1 animal skin (worn)
 v - a +2 pair of gloves
 M - +0 steam dragon scales
Magical Staves
 i - a staff of earth
 K - a staff of conjuration
Jewellery
 f - an amulet of faith (around neck)
 k - an amulet of guardian spirit
 m - a ring of ice (right claw)
 r - a +4 ring of slaying (left claw)
 J - an amulet of the acrobat
Talismans
 c - a beast talisman (active)
 d - a flux talisman
 L - a flux talisman
Wands
 H - a wand of mindburst (17)
 I - a wand of charming (4)
Scrolls
 h - 4 scrolls of fog
 y - 3 scrolls of torment
 z - a scroll of teleportation
 B - 4 scrolls of identify
 C - a scroll of blinking
 D - a scroll of immolation
Potions
 b - 4 potions of lignification
 g - 3 potions of curing
 j - a potion of might
 l - a potion of cancellation {unknown}
 o - a potion of heal wounds {unknown}
 u - a potion of brilliance
 x - a potion of resistance {unknown}
 E - a potion of haste {unknown}
 G - a potion of ambrosia {unknown}


   Skills:
 + Level 2.2 Fighting
 + Level 4.0 Dodging
 * Level 3.6 Stealth
 + Level 9.3 Unarmed Combat
 * Level 3.4 Spellcasting
 + Level 0.7 Ice Magic
 * Level 6.8 Shapeshifting


You had 12 spell levels left.
You knew the following spells:

 Your Spells              Type           Power      Damage    Failure   Level
a - Ozocubu's Armour      Ice            3%         N/A       56%         3

Your spell library contained the following spells:

 Spells                   Type           Power      Damage    Failure   Level
 Ensorcelled Hibernation  Hex/Ice        6%         N/A       36%         2
 Cigotuvi's Dreadful Rot  Necr/Alch/Air  2%         N/A       43%         2
 Fugue of the Fallen      Necr           1%         N/A       67%         3
 Inner Flame              Hex/Fire       1%         N/A       67%         3
 Anguish                  Hex/Necr       0%         N/A       97%         4
 Flame Wave               Conj/Fire      1%         2d4       97%         4
 Ignite Poison            Fire/Alch      1%         N/A       97%         4
 Manifold Assault         Tloc           1%         N/A       97%         4
 Sticky Flame             Fire/Alch      1%         2d4       97%         4
 Freezing Cloud           Conj/Ice/Air   1%         6-21      100%        5
 Haunt                    Necr/Summ      0%         N/A       100%        7
 Summon Horrible Things   Summ           0%         N/A       100%        8


Dungeon Overview and Level Annotations

Branches:
Dungeon (8/15)             Temple (1/1) D:7
   Lair: D:8-11

Altars:
Ashenzari
Dithmenos
Elyvilon
Fedhas
Gozag
Kikubaaqudgha
Makhleb
Nemelex Xobeh
Okawaru
Qazlal
Ru
Sif Muna
Trog
Uskayaw
Vehumet
Wu Jian
Yredelemnul
Zin
The Shining One

Shops:
D:6 ?

Annotations:
D:8 Maggie


Innate Abilities, Weirdness & Mutations

You are a hulking beast.
Your limbs bulge with bestial killing power. (Slay +3)
You are too large for most types of armour.
You have claws for hands.
Your natural rate of healing is unusually fast.
You are covered in fur. (AC +1)
You have tough skin. (AC +1)


Message History

The acid dragon claws you but does no damage.
Maggie gives herself a magical halo, but it quickly sputters out.
You turn to flesh and can move again.
As you read the scroll of teleportation, it crumbles to dust.
You feel strangely unstable. The acid dragon bites you!
* * * LOW HITPOINT WARNING * * *
The acid dragon claws you.
* * * LOW HITPOINT WARNING * * *
It was a potion of curing.
You feel better. The acid dragon bites you!
* * * LOW HITPOINT WARNING * * *
The acid dragon claws you but does no damage.
You feel better. The acid dragon bites you!
* * * LOW HITPOINT WARNING * * *
The acid dragon claws you.
* * * LOW HITPOINT WARNING * * *
Your surroundings suddenly seem different.
Splash!
You fall into the shallow water.
Found a white marble altar of Elyvilon.
The gnoll shouts!
The gnoll throws a poisoned dart.
The poisoned dart hits you!
You are poisoned.
You feel sick.
A wight comes into view. It is wielding a +0 mace.
You enter the shallow water.
A wight comes into view.
It is wielding a +3 morningstar and carrying a wand of light.
You feel sick. The gnoll barely misses you.
You scratch the gnoll.
The gnoll is moderately wounded.
You feel sick. The gnoll hits you with a +0 whip.
* * * LOW HITPOINT WARNING * * *
You claw the gnoll!
You kill the gnoll!
Sif Muna accepts your kill.
You hear a splash. x2
You feel sick.
You feel sick.
A wight comes into view. It is wielding a +0 spear.
The wight zaps a wand.
The bolt of light hits you!
You die...

#......###############......#.#
#.....## ##.....#.# #.....# ♣♣
#.....#.# ... ♣♣♣.♣♣♣
♣♣.....#.## ♣♣.....♣♣
♣♣..........
♣♣.......♣♣♣..........#
.♣...≈~≈...♣...≈~≈.....#
....≈≈~≈≈.....≈≈~≈≈....'
...z~~_h~.....~~♣~g....#
....≈≈~≈≈.....≈≈~≈≈$(#.#
z♣...≈~≈...♣...≈~≈...#..
♣♣..z....♣♣♣.......####
♣♣.....♣♣ ♣♣.....!# ♣♣♣.♣♣♣
♣♣.....# ♣♣ #.....# #.....#
......


You could see 3 wights.

Vanquished Creatures
  A two-headed ogre (D:7)
  Sigmund (D:4)
  3 wyverns
  A basilisk (D:8)
  A steam dragon (D:7)
  Edmund (D:4)
  2 orc warriors (D:7)
  2 ice beasts
  3 ogres
  3 centaurs
  A black bear (D:7)
  3 phantoms
  2 bullfrogs (D:6)
  A gnoll sergeant (D:8)
  6 scorpions
  A howler monkey (D:5)
  2 bombardier beetles
  3 hounds
  2 gnoll boudas
  2 sleepcaps
  3 orc priests
  Crazy Yiuf (D:4)
  Natasha (thrice) (D:4)
  5 iguanas
  14 orc wizards
  8 adders
  12 gnolls
  2 ufetubi (D:7)
  4 dart slugs
  2 ribbon worms (D:2)
  17 orcs
  4 ball pythons
  9 bats
  11 endoplasms
  2 giant cockroaches
  9 goblins
  6 hobgoblins
  A jackal (D:2)
  4 quokkas
  2 frilled lizards (D:1)
  4 kobolds
  10 rats
174 creatures vanquished.

Notes
Turn   | Place    | Note
-------+----------+-------------------------------------------
     0 | D:1      | HC7 the Troll Shapeshifter began the quest for the Orb.
     0 | D:1      | Reached XP level 1. HP: 18/18 MP: 0/0
   106 | D:1      | Reached XP level 2. HP: 26/26 MP: 1/1
   491 | D:2      | Reached XP level 3. HP: 32/32 MP: 2/2
   936 | D:2      | Reached skill level 4 in Unarmed Combat
   936 | D:2      | Reached XP level 4. HP: 40/40 MP: 3/3
  1400 | D:3      | Reached skill level 1 in Fighting
  1485 | D:3      | Reached XP level 5. HP: 44/48 MP: 5/5
  1896 | D:3      | Reached skill level 1 in Spellcasting
  2014 | D:3      | Reached XP level 6. HP: 55/55 MP: 6/6
  2019 | D:3      | Reached skill level 1 in Stealth
  2255 | D:4      | Upgraded the game from 0.32-a0-520-g344ed53f66 to
                  | 0.32-a0-540-g866d13106e
  2392 | D:4      | Reached skill level 5 in Unarmed Combat
  2415 | D:4      | Found a blossoming altar of Fedhas.
  2415 | D:4      | Found a broken altar of Ashenzari.
  2514 | D:4      | Noticed Sigmund
  2642 | D:4      | Noticed Natasha
  2649 | D:4      | Killed Natasha
  2655 | D:4      | Got the Secrets of Beckoning
  2710 | D:4      | Noticed Natasha
  2716 | D:4      | Killed Natasha
  2754 | D:4      | Reached XP level 7. HP: 62/62 MP: 6/8
  2777 | D:4      | Noticed Edmund
  2790 | D:4      | Killed Edmund
  2853 | D:4      | Found a shimmering blue altar of Sif Muna.
  2859 | D:4      | Became a worshipper of Sif Muna the Loreminder
  2956 | D:4      | Noticed Natasha
  2965 | D:4      | Killed Natasha
  2983 | D:4      | Found a runed translucent door.
  2984 | D:4      | Noticed Crazy Yiuf
  2993 | D:4      | Killed Crazy Yiuf
  2994 | D:4      | Reached skill level 6 in Unarmed Combat
  3226 | D:4      | Killed Sigmund
  3299 | D:4      | Found a sparkling altar of Nemelex Xobeh.
  3442 | D:5      | Entered Level 5 of the Dungeon
  3449 | D:5      | Found a bloodstained altar of Trog.
  3466 | D:5      | Reached XP level 8. HP: 57/70 MP: 9/9
  3803 | D:5      | Reached skill level 5 in Shapeshifting
  3843 | D:5      | Reached skill level 7 in Unarmed Combat
  4073 | D:5      | Found a glowing silver altar of Zin.
  4073 | D:5      | Found a stormy altar of Qazlal.
  4278 | D:6      | Found Fudub's Magic Scroll Boutique.
  4289 | D:6      | Bought a scroll of blinking for 75 gold pieces
  4289 | D:6      | Bought a scroll of identify for 20 gold pieces
  4289 | D:6      | Bought a scroll of teleportation for 30 gold pieces
  4289 | D:6      | Bought a scroll of identify for 20 gold pieces
  4342 | D:6      | Found a burning altar of Makhleb.
  4412 | D:6      | Reached * piety under Sif Muna
  4511 | D:6      | Reached XP level 9. HP: 65/79 MP: 11/11
  4573 | D:6      | Found a sacrificial altar of Ru.
  4603 | D:6      | Reached skill level 8 in Unarmed Combat
  4915 | D:7      | Found a staircase to the Ecumenical Temple.
  4931 | Temple   | Entered the Ecumenical Temple
  5227 | D:7      | Noticed a two-headed ogre
  5285 | D:7      | Learned a level 3 spell: Ozocubu's Armour
  5551 | D:7      | Killed a two-headed ogre
  5899 | D:7      | Reached skill level 9 in Unarmed Combat
  5989 | D:7      | Reached ** piety under Sif Muna
  6019 | D:7      | Reached XP level 10. HP: 12/87 MP: 13/13
  6456 | D:8      | Noticed Maggie
  6462 | D:8      | Found a white marble altar of Elyvilon.
  6470 | D:8      | Killed from afar by a wight

Illustrated notes

Levels and vault maps discovered:
D:1:      lightli_arrival_windingriver, layout_basic
D:2:      layout_loops_corners, serial_bayou, serial_bayou_pond_a,
          serial_bayou_lake_a, serial_bayou_pond_b, serial_bayou_pond_b
D:3:      layout_basic, st_stairs_3
D:4:      layout_basic, mainiacjoe_overflow_alcove_4,
          mainiacjoe_overflow_alcove_2, jmf_multi_god_temple,
          minmay_door_square, minivault_4, chequers_serial_rivers_micro_a,
          hex_intersection, uniq_sigmund, uniq_edmund, uniq_crazy_yiuf_cottage,
          uniq_natasha
D:5:      layout_loops_ring, gammafunk_temple_overflow_elements,
          mainiacjoe_overflow_boulevard
D:6:      layout_loops_ring, lemuel_doored_altar, nicolae_ru_path_of_blood,
          serial_shops, nicolae_lakefront_shop
D:7:      layout_rooms, temple_fountains, minivault_26
D:8:      layout_basic, cheibriados_altar_1, elyvilon_altar_3, erik_lair_dragon,
          kennysheep_another_room, minmay_liquid_box, st_stairs_4,
          corexii_hall_statues_x, uniq_maggie
Temple:   nicolae_temple_figure_zero

Skill      XL: |  1  2  3  4  5  6  7  8  9 10 |
---------------+-------------------------------+-----
Unarmed Combat | 4 5 6 7 9 |  9.3
Dodging        | 2 3 4 |  4.0
Fighting       | 1 2 |  2.2
Spellcasting   | 1 2 3 |  3.4
Stealth        | 1 2 3 |  3.6
Shapeshifting  | 4 5 6 |  6.8
Ice Magic      | |  0.7

Action                     |  1- 3 |  4- 6 |  7- 9 | 10-12 || total
---------------------------+-------+-------+-------+-------++-------
  Melee: Unarmed           |    97 |   101 |   186 |    37 ||   421
         Punch             |     1 |     1 |     7 |     1 ||    10
   Cast: Ozocubu's Armour  |       |       |     1 |       ||     1
    Use: Scroll            |     2 |     7 |       |     2 ||    11
         Potion            |       |       |       |     2 ||     2
   Stab: Sleeping          |     1 |       |     4 |     1 ||     6
         Distracted        |       |       |     1 |       ||     1
 Armour: Animal skin       |    66 |    69 |   152 |    80 ||   367
  Dodge: Dodged            |    58 |    57 |   105 |    12 ||   232
         Repelled          |     2 |       |       |       ||     2

Table legend: (Time is in decaauts)
 A = Elapsed time spent in this place.
 B = Non-inter-level travel time spent in this place.
 C = Inter-level travel time spent in this place.
 D = Time resting spent in this place.
 E = Time spent auto-exploring this place.
 F = Levels seen in this place.
 G = Mean time per level.
                   A        B        C        D        E       F      G
               +--------+--------+--------+--------+--------+-----+--------+
         Total |   6451 |   5891 |    560 |      0 |   3351 |   9 |  716.8 |
       Dungeon |   6345 |   5888 |    457 |      0 |   3351 |   8 |  793.1 |
        Temple |    106 |      3 |    103 |      0 |      0 |   1 |  106.0 |
               +--------+--------+--------+--------+--------+-----+--------+

Top non-repeatable levels by time:
     D:4: 1237 daAuts
     D:7: 1001 daAuts
     D:2: 877 daAuts
     D:3: 875 daAuts
     D:5: 778 daAuts
     D:6: 723 daAuts
     D:1: 482 daAuts
     D:8: 369 daAuts
  Temple: 106 daAuts
